 Dungeon Crawl Stone Soup version 0.30.1-11-g7821555f0a (webtiles) character file.

Game seed: 8305538932286819975

25496 Martska the Fighter (level 12, 0/117 HPs)
             Began as a Minotaur Fighter on Dec 3, 2023.
             Was a Priest of the Shining One.
             Slain by a merfolk
             ... wielding a +0 trident
              (19 damage)
             ... on level 3 of the Lair of Beasts.
             The game lasted 00:32:11 (14557 turns).

Martska the Fighter (Minotaur Fighter)             Turns: 14557, Time: 00:32:12

Health: 0/117      AC:  8    Str: 25    XL:     12   Next: 90%
Magic:  16/16      EV: 16    Int:  5    God:    the Shining One [***...]
Gold:   912        SH:  5    Dex: 11    Spells: 11/11 levels left

rFire   + . .        N - +1 hand axe (heavy)
rCold   . . .        c - +0 buckler
rNeg    + . .        G - +0 troll leather armour
rPois   .            (helmet restricted)
rElec   .            (no cloak)
rCorr   .            P - +2 pair of gloves {hurl}
SInv    +            (no boots)
Will    .....        (no amulet)
Stlth   +            d - ring of see invisible
HPRegen 1.19/turn    C - ring of protection from fire
MPRegen 0.15/turn

%: no passive effects
@: glowing
A: horns 2, retaliatory headbutt
a: Renounce Religion, Divine Shield, Cleansing Flame


You were on level 3 of the Lair of Beasts.
You worshipped the Shining One.
The Shining One was most pleased with you.
You visited 3 branches of the dungeon, and saw 15 of its levels.

You collected 912 gold pieces.

Inventory:

Hand Weapons
 a - a +0 war axe
 M - a +2 falchion of flaming
 N - a +1 heavy hand axe (weapon)
Missiles
 y - a throwing net (quivered)
Armour
 c - a +0 buckler (worn)
 x - an orb of light
 G - a +0 troll leather armour (worn)
 P - a +2 pair of gloves of hurling (worn)
Jewellery
 d - a ring of see invisible (left hand)
 f - a +6 ring of intelligence
 o - a ring of ice
 w - a ring of ice
 C - a ring of protection from fire (right hand)
 I - a ring of fire
 O - a ring of fire
 W - a ring of willpower
Wands
 b - a wand of flame (23)
 j - a wand of paralysis (12)
 L - a wand of digging (7)
 Q - a wand of polymorph (3)
 U - a wand of roots (10)
Scrolls
 e - a scroll of torment
 h - 5 scrolls of noise
 k - 2 scrolls of poison {unknown}
 q - 2 scrolls of enchant weapon {unknown}
 r - 3 scrolls of amnesia {unknown}
 s - 7 scrolls of immolation {unknown}
 t - 4 scrolls of fog {unknown}
 u - 2 scrolls of acquirement {unknown}
 v - a scroll of brand weapon {unknown}
 A - 3 scrolls of identify
 D - 2 scrolls of silence {unknown}
 F - 3 scrolls of blinking {unknown}
 K - a scroll of vulnerability {unknown}
 R - 2 scrolls of magic mapping {unknown}
Potions
 g - 2 potions of berserk rage {unknown}
 i - 3 potions of degeneration
 l - 2 potions of flight
 m - a potion of ambrosia {unknown}
 p - 3 potions of attraction
 z - 4 potions of curing
 B - 2 potions of mutation {unknown}
 E - 2 potions of magic {unknown}
 H - a potion of lignification {unknown}
 J - a potion of cancellation {unknown}
 S - a potion of heal wounds
 T - a potion of brilliance {unknown}
 V - a potion of might


   Skills:
 * Level 14.0 Fighting
 * Level 13.8 Axes
 - Level 6.1 Armour
 * Level 12.5 Dodging
 - Level 7.0 Shields
 + Level 7.1 Invocations


You had 11 spell levels left.
You didn't know any spells.
Your spell library contained the following spells:

 Spells                   Type           Power      Damage    Failure   Level
 Apportation              Tloc           0%         N/A       56%         1
 Magic Dart               Conj           0%         1d3       56%         1
 Necrotise                Necr           0%         1d4       56%         1
 Summon Small Mammal      Summ           0%         N/A       56%         1
 Call Imp                 Summ           0%         N/A       71%         2
 Mephitic Cloud           Conj/Pois/Air  0%         N/A       91%         3
 Ozocubu's Armour         Ice            0%         N/A       91%         3
 Vhi's Electric Charge    Tloc/Air       0%         N/A       91%         3
 Alistair's Intoxication  Tmut/Pois      0%         N/A       100%        5
 Arcjolt                  Conj/Air       0%         1d10      100%        5
 Metabolic Englaciation   Hex/Ice        0%         N/A       100%        5
 Conjure Ball Lightning   Conj/Air       0%         3x3d6     100%        6
 Plasma Beam              Fire/Air       0%         2x1d11    100%        6
 Simulacrum               Ice/Necr       0%         N/A       100%        6
 Ozocubu's Refrigeration  Ice            0%         4d7       100%        7
 Discord                  Hex            0%         N/A       100%        8
 Disjunction              Tloc           0%         N/A       100%        8


Dungeon Overview and Level Annotations

Branches:
Dungeon (11/15)            Temple (1/1) D:4            Lair (3/5) D:10
 Spider (0/4) Lair:2
  Swamp: Lair:2-3    Shoals: Lair:2-3       Orc: D:9-12

Altars:
Ashenzari
Cheibriados
Dithmenos
Elyvilon
Fedhas
Gozag
Hepliaklqana
Kikubaaqudgha
Makhleb
Nemelex Xobeh
Okawaru
Ru
Sif Muna
Trog
Uskayaw
Vehumet
Wu Jian
Xom
Yredelemnul
Zin
The Shining One

Shops:
D:1 =?   D:3 (   D:6 :   D:10 *

Annotations:
D:8 Gastronok


Innate Abilities, Weirdness & Mutations

You have a pair of horns on your head.
You reflexively headbutt those who attack you in melee.


Message History

You barely miss the merfolk. The merfolk hits you with a +0 trident.
You block the merfolk's attack. You block the elephant's attack.
The elephant closely misses you. You block the merfolk's attack.
You slash the elephant!
The elephant is heavily wounded.
You hit the merfolk. The merfolk hits you with a +0 trident.
The merfolk hits you from afar with a +0 trident!!
The elephant tramples you but does no damage.
The elephant trunk-slaps you but does no damage.
The merfolk closely misses you.
You hit the elephant but do no damage.
The elephant is heavily wounded.
You slash the merfolk!
You kill the merfolk!
The merfolk misses you. The elephant closely misses you.
You furiously retaliate!
You headbutt the elephant! You block the elephant's attack.
The merfolk misses you.
You slash the elephant!
The elephant is almost dead.
The merfolk hits you from afar with a +0 trident!
The elephant closely misses you. You furiously retaliate!
You headbutt the elephant.
The elephant trunk-slaps you but does no damage.
The merfolk hits you from afar with a +0 trident!!
* * * LOW HITPOINT WARNING * * *
You hit the elephant.
The elephant is almost dead.
The merfolk misses you.
A lindwurm comes into view.
The elephant tramples you but does no damage.
The elephant trunk-slaps you but does no damage.
The merfolk completely misses you.
The lindwurm roars!
You slash the elephant!
You kill the elephant!
The merfolk completely misses you. The merfolk barely misses you.
You block the merfolk's attack.
There is a stone staircase leading up here.
The merfolk hits you from afar with a +0 trident!!
You die...

......# ##..≈§§§§kk.##.
......## ##...≈≈≈§≈≈kk..
.......###....§§§≈≈≈≈§§≈
....#..##.#....≈§≈≈§≈≈≈≈
....##....'÷.÷..≈≈§≈§≈≈≈
.... ###.##.......≈§§§≈≈
...# #####..mm)....§§.
#.. ###.......... #..
#..@..#.... P..
#.##...#### #..# .###
##.. ## ... ..# ##.


You could see 2 merfolk and 2 lindwurms.

Vanquished Creatures
  2 hydras
  Pikel (D:5)
  2 ugly things (D:7)
  A cyclops (D:7)
  10 elephants (Lair:3)
  Joseph (D:7)
  An unseen horror (D:7)
  3 cane toads
  3 kobold demonologists (D:7)
  3 komodo dragons
  A merfolk (Lair:3)
  A meliai (Lair:2)
  4 trolls
  The ghost of bimbombam the Cutter, an amateur DsGl of Okawaru (D:4)
  9 blink frogs
  2 dream sheep (D:9)
  A shadow (D:9)
  29 yaks
  3 wyverns
  Grum (D:8)
  A wraith (D:7)
  4 steam dragons
  7 water moccasins
  A black bear (D:8)
  2 orc warriors
  4 ice beasts
  2 sky beasts
  12 wolves
  2 ogres
  7 centaurs
  12 kobold brigands
  A lemure (D:5)
  9 bullfrogs
  2 necrophages (D:4)
  4 wights
  18 killer bees
  8 howler monkeys
  An electric eel (D:9)
  A jelly (D:6)
  2 hounds
  2 gnoll boudas
  A human zombie (D:4)
  6 orc priests
  A sleepcap (D:7)
  3 iguanas
  9 orc wizards
  A hound zombie (D:4)
  4 mummies (D:4)
  23 gnolls
  6 adders
  A white imp (D:6)
  2 ufetubi (D:6)
  2 adder zombies (D:4)
  2 worms
  2 dart slugs
  27 orcs
  7 ball pythons
  3 endoplasms (D:2)
  7 giant cockroaches
  8 goblins
  6 hobgoblins
  4 quokkas
  3 bats
  2 frilled lizards
  56 kobolds
  8 rats
375 creatures vanquished.

Vanquished Creatures (others)
  A steam dragon (D:7)
  2 centaurs (D:7)
  A kobold brigand (D:7)
  A bullfrog (D:7)
  A gnoll sergeant (D:7)
  An orc wizard (D:6)
  An orc (D:5)
  4 kobolds (D:7)
12 creatures vanquished.

Grand Total: 387 creatures vanquished

Notes
Turn   | Place    | Note
-------+----------+-------------------------------------------
     0 | D:1      | Martska the Minotaur Fighter began the quest for the Orb.
     0 | D:1      | Reached XP level 1. HP: 19/19 MP: 0/0
    51 | D:1      | Found Vyrhath's Magic Scroll Shop.
   122 | D:1      | Reached XP level 2. HP: 27/27 MP: 1/1
   308 | D:1      | Found Hueharhi's Jewellery Shoppe.
   310 | D:1      | Reached skill level 4 in Fighting
   310 | D:1      | Reached skill level 1 in Dodging
   794 | D:2      | Reached XP level 3. HP: 22/33 MP: 2/2
  1517 | D:3      | Reached XP level 4. HP: 40/40 MP: 3/3
  1545 | D:3      | Found Mathozakk's Antique Weapon Emporium.
  2140 | D:4      | Found a runed translucent gate.
  2140 | D:4      | Found a runed translucent gate.
  2140 | D:4      | Found a runed translucent gate.
  2142 | D:4      | Noticed bimbombam's ghost (amateur DsGl)
  2144 | D:4      | Noticed a kobold brigand
  2153 | D:4      | Reached XP level 5. HP: 47/47 MP: 4/4
  2344 | D:4      | Found a basalt altar of Yredelemnul.
  2420 | D:4      | Found a staircase to the Ecumenical Temple.
  2437 | Temple   | Entered the Ecumenical Temple
  2600 | D:4      | Reached skill level 5 in Fighting
  2694 | D:4      | Reached skill level 5 in Armour
  2773 | D:4      | Reached XP level 6. HP: 35/56 MP: 5/5
  3638 | D:4      | Reached skill level 5 in Axes
  3648 | D:4      | Reached XP level 7. HP: 62/62 MP: 6/6
  3764 | D:4      | Found an ancient bone altar of Kikubaaqudgha.
  3769 | D:4      | Reached skill level 6 in Fighting
  4155 | D:4      | HP: 3/64 [bimbombam's ghost (8)]
  4155 | D:4      | HP: 1/64 [bimbombam's ghost (2)]
  4560 | D:4      | Killed bimbombam's ghost
  4561 | D:4      | Reached skill level 5 in Dodging
  4561 | D:4      | Reached XP level 8. HP: 40/71 MP: 7/7
  4664 | D:5      | Entered Level 5 of the Dungeon
  4670 | D:5      | Noticed Pikel
  4683 | D:5      | Killed Pikel
  4684 | D:5      | Reached skill level 7 in Fighting
  5105 | D:5      | Reached skill level 8 in Fighting
  6126 | D:6      | Reached XP level 9. HP: 72/82 MP: 8/8
  6311 | D:6      | Found a glowing golden altar of the Shining One.
  6318 | D:6      | Became a worshipper of the Shining One
  6537 | D:6      | Found a glowing silver altar of Zin.
  6626 | D:6      | Found an iron altar of Okawaru.
  6958 | D:6      | Found Jesoe's Book Shop.
  7058 | D:7      | Noticed a cyclops
  7151 | D:7      | Reached skill level 9 in Fighting
  7181 | D:7      | Noticed a kobold demonologist
  7181 | D:7      | Noticed a kobold demonologist
  7182 | D:7      | Noticed a kobold demonologist
  7185 | D:7      | Noticed an orange demon
  7194 | D:7      | Killed a kobold demonologist
  7291 | D:7      | Noticed Joseph
  7587 | D:7      | Killed a kobold demonologist
  7596 | D:7      | Noticed a hellwing
  7596 | D:7      | Killed a kobold demonologist
  7597 | D:7      | Reached skill level 1 in Invocations
  7634 | D:7      | Found a snail-covered altar of Cheibriados.
  7869 | D:7      | Found a hazy altar of Hepliaklqana.
  7997 | D:7      | Reached skill level 10 in Fighting
  8005 | D:7      | Reached XP level 10. HP: 74/93 MP: 10/10
  8019 | D:7      | Noticed a red ugly thing
  8021 | D:7      | Noticed a purple ugly thing
  8030 | D:7      | Reached * piety under the Shining One
  8053 | D:7      | Killed a purple ugly thing
  8054 | D:7      | Reached skill level 5 in Shields
  8060 | D:7      | Killed a purple ugly thing
  8061 | D:7      | Reached skill level 10 in Axes
  8299 | D:7      | Found a shimmering altar of Xom.
  8316 | D:7      | Killed a cyclops
  8326 | D:7      | Found a blossoming altar of Fedhas.
  8519 | D:7      | Killed Joseph
  8690 | D:7      | Identified the staff of air "Rearuzit" {rElec Will+ Str+4
                  | Stlth+}
  8690 | D:7      | Identified the +7 triple crossbow of the Tomato {penet,
                  | rPois Int+4}
  8690 | D:7      | Identified the +0 chain mail "Dunlesim" {rElec}
  8927 | D:8      | Noticed Grum
  8946 | D:8      | Killed Grum
  8947 | D:8      | Reached skill level 11 in Fighting
  9331 | D:8      | Found a sacrificial altar of Ru.
  9351 | D:8      | Reached XP level 11. HP: 101/102 MP: 13/13
  9879 | D:8      | Noticed Gastronok
 10220 | D:9      | Reached ** piety under the Shining One
 10260 | D:9      | Noticed a three-headed hydra
 10267 | D:9      | Killed a one-headed hydra
 10268 | D:9      | Reached skill level 10 in Dodging
 10268 | D:9      | Reached skill level 5 in Invocations
 11338 | D:10     | Entered Level 10 of the Dungeon
 11508 | D:10     | Identified the +6 dagger of Disembowelment {heavy, *Noise
                  | rC+ rN+ Str+3}
 11521 | D:10     | Reached skill level 12 in Fighting
 11647 | D:10     | Found a burning altar of Makhleb.
 11647 | D:10     | Found an ornate altar of the Wu Jian Council.
 11680 | D:10     | Found Gozag's Platinum Reserve.
 11681 | D:10     | Found an opulent altar of Gozag.
 11768 | D:10     | Found a staircase to the Lair.
 11968 | D:10     | Found a white marble altar of Elyvilon.
 12044 | Lair:1   | Entered Level 1 of the Lair of Beasts
 12435 | Lair:1   | Reached XP level 12. HP: 40/113 MP: 15/15
 12603 | Lair:1   | Reached *** piety under the Shining One
 12708 | Lair:1   | Reached skill level 13 in Fighting
 13540 | Lair:2   | Noticed a six-headed hydra
 13550 | Lair:2   | Killed a one-headed hydra
 13866 | Lair:2   | Found a hole to the Spider Nest.
 14499 | Lair:3   | Reached skill level 14 in Fighting
 14557 | Lair:3   | Slain by a merfolk

Illustrated notes

Levels and vault maps discovered:
D:1:      lightli_arrival_maybe_door_vault, layout_basic, serial_corexii_hall,
          corexii_hall_statues_i, corexii_hall_statues_i, serial_shops,
          nicolae_shop_rolling_square, shop_scrolls
D:2:      layout_rooms
D:3:      layout_basic, serial_shops, shop, chequers_jeans
D:4:      minmay_goblin_kobold_castle, layout_basic,
          mainiacjoe_overflow_surrounded_room,
          lemuel_mausoleum_altar_kikubaaqudgha, minmay_temple_entry_offerings,
          gup_sewer_entry_pipe, gammafunk_ghost_nasty_kobolds,
          minmay_strange_pillars, dreamdust_wishing_well
D:5:      layout_basic, uniq_pikel
D:6:      layout_basic, nicolae_tso_swordbearing_angel, zin_statuary,
          okawaru_gym_becter, serial_shops, shop_fountains
D:7:      minmay_the_grid_four_pointed_star
          [minmay_the_grid_triangle_9x9_sparse_checkered,
          minmay_the_grid_triangle_9x9_longest,
          minmay_the_grid_triangle_9x9_pentomino_pain,
          minmay_the_grid_triangle_9x9_flanged_cone,
          minmay_the_grid_prize_shrinking_boxes], layout_basic,
          mainiacjoe_overflow_tiny_flanked, lemuel_round_altar,
          lemuel_doored_altar, xom_confusion_cloud, fedhas_altar_fruit_tree,
          uniq_joseph
D:8:      layout_loops_corners, mainiacjoe_overflow_concentric_impassable,
          uniq_gastronok, uniq_grum
D:9:      layout_stronghold, serial_bayou_pond_b,
          hangedman_abyss_or_decor_passed, st_stairs_3, roderic_serpentine_path,
          hangedman_ranch
D:10:     layout_rooms, mainiacjoe_overflow_divided_tiny,
          nicolae_elyvilon_temple_path, nicolae_gozag_zags_fifth_avenue,
          david_lair_shrubbed
D:11:     layout_roguey, nicolae_uskayaw_murder_on_the_dancefloor
Temple:   nicolae_temple_ecumenical_triangle
Lair:1:   layout_concentric_octagons, dreamdust_gnoll_shepherd,
          serial_bayou_shore_a, grunt_megastairs_4, serial_bayou_shore_b
Lair:2:   layout_small_grid, hellmonk_spider_entry_not_the_bees
Lair:3:   layout_roguey, elwin_shoals_entry_stream, minmay_lindwurm_lava

Skill      XL: |  1  2  3  4  5  6  7  8  9 10 11 12 |
---------------+-------------------------------------+-----
Fighting       | 4 5 6 8 10 11 12 14 | 14.0
Dodging        | 1 2 3 5 6 8 9 11 12 | 12.5
Armour         | 4 5 6 |  6.1
Axes           | 3 4 5 6 8 9 10 12 13 | 13.8
Shields        | 4 6 7 |  7.0
Invocations    | 1 4 6 7 |  7.1

Action                     |  1- 3 |  4- 6 |  7- 9 | 10-12 || total
---------------------------+-------+-------+-------+-------++-------
  Melee: War axe           |    97 |   164 |   212 |   196 ||   669
         Headbutt          |    10 |    23 |    47 |   153 ||   233
         Hand axe          |       |       |       |   261 ||   261
         Falchion          |       |       |       |    20 ||    20
    Use: Potion            |       |     1 |     5 |     6 ||    12
         Scroll            |       |       |     9 |     5 ||    14
 Armour: Scale mail        |    43 |    66 |    72 |    15 ||   196
         Troll leather arm |       |       |       |   103 ||   103
  Dodge: Dodged            |    51 |   102 |   145 |   394 ||   692
  Block: Buckler           |    17 |    39 |    48 |   134 ||   238
